cohdb
Replays
Latest Replays
All Replays
Popular Replays
Top Player Replays
Match Explorer
How It Works
Community
CoH3 Stats
Reddit
Sign in to upload your games and track your stats! →
Sign in with Steam
Match 41967485
Unlisted
Match 41967485
Overview
Messages
Build Orders
End
Scout Squad
Engineer Squad
Selects Airborne Battlegroup
Selects Pathfinders
Selects Smoke Bombing Run
Construct Weapon Support Center
M1919 Machine Gun Team
M1919 Machine Gun Team
Selects Paratrooper Squad Paradrop
Paratrooper Squad Paradrop
Mechanized Support Center
Selects Supply Drop
Construct Motor Pool
Pathfinder Squad
M1 Anti-tank Gun Team
M8 Greyhound Armored Car
Supply Drop
La Boule
MoSkiTo
BigTiddyLebron
kreumat
0
0
Comments
sign in to comment!
No comments posted yet!